[Event "*** Titled Tuesday Blitz"]
[Site "Chess.com"]
[Date "2018.05.01"]
[Round "10"]
[White "Kimster98"]
[Black "JSPrepz"]
[Result "1-0"]
[WhiteElo "2551"]
[BlackElo "2629"]
[TimeControl "180+2"]
[EndTime "15:18:12 PDT"]
[Termination "Kimster98 won by resignation"]

1. e4 e5 2. Nf3 Nc6 3. Bc4 Nf6 4. d3 Be7 5. O-O O-O 6. Nc3 d6 7. a3 Kh8 8. Nd5 Nxd5 9. Bxd5 f5 10. exf5 Bxf5 11.
d4 Bg4 12. h3 Bxf3 13. Bxf3 Nxd4 14. Bxb7 Rb8 15. Ba6 Bg5 16. b4 Bxc1 17. Rxc1 Qg5 18. Qg4 Qh6 19. c3 Ne6 20. Bc4 Nf4 21. Kh2 Rf6 22. g3 Ng6 23. Bd3 Rbf8 24. Kg2 d5 25. Bxg6 Rxg6 26. Qe2 e4 27. Rcd1 c6 28. c4 Qg5 29.
cxd5 cxd5 30. Qe3 Qf5 31. Rd4 h6 32. Rfd1 Rd6 33. Rxe4 Rc6 34. Rf4 Qc8 35. Rxf8+ Qxf8 36. Rxd5 Rc2 37. Rd2 Qa8+ 38. f3 Rc1 39. Re2 Rc8 40.
Qe4 Qb8 41. Qg6 Rf8 42. Re7 Rg8 43. Qe4 Qd8 44. Qe2 Qd4 45. h4 Qd8 46. Qe3 Rf8 47. Qxa7 Qd5 48. Qe3 Qa2+ 49. Kh3 Qa1 50. Kg2 Qb2+ 51.
Qe2 Qxa3 52. Re4 Qa4 53. b5 Qa5 54. Re8 Rxe8 55. Qxe8+ Kh7 56. Qe4+ Kh8 57. Qe8+ Kh7 58. Qe4+ Kh8 59. Qe2 Qb4 60. Kh2 Qa5 61. Qb2 Qb6 62. Kg2 Kg8 63. Qb3+ Kh8 64. Kf1 Kh7 65. h5 Kh8 66. g4 Kh7 67. Kg2 Kh8 68. Qb1 Kg8 69. Qf5 Kh8 70. Qf8+ Kh7 71. Qf5+ Kh8 72. Qc8+ Kh7 73.
Qc2+ Kh8 74. Qc8+ Kh7 75. Qc6 Qa5 76. Qg6+ Kh8 77. Qe8+ Kh7 78. Qg6+ Kh8 79. b6 Qd2+ 80. Kg3 Qe1+ 81. Kf4 Qd2+ 82. Kg3 Qe1+ 83. Kf4 Qd2+ 84. Ke4 Qc2+ 85. Kd4 Qd2+ 86. Kc5 Qc3+ 87. Kb5 Qb3+ 88.
Kc6 Qxf3+ 89. Kc7 Qc3+ 90. Kb7 Qf3+ 91. Kb8 Qf8+ 92. Kc7 Qe7+ 93. Kc6 Qe1 94. b7 Qc3+ 95. Kd7 Qd4+ 96. Kc7 Qc5+ 97. Kd7 Qd5+ 98. Kc7 Qc5+ 99. Qc6 Qe7+ 100. Kb6 Qb4+ 101. Qb5 Qd6+ 102. Ka7 Qa3+ 103. Qa6 Qc5+ 104. Ka8 Qd5 105. Qa4 Kh7 106. Qa3 Kh8 107. Qf8+ Kh7 108. Qf5+ Kh8 109. Qxd5 1-0